 Dungeon Crawl Stone Soup version 0.28-a0-1524-ge72afd5fc6 (webtiles) character file.

Game seed: 13866317542477921153

3 psuckher the Grasshopper (level 1, 0/9 HPs)
             Began as a Felid Warper on Jan 17, 2022.
             Slain by a kobold (2 damage)
             ... on level 1 of the Dungeon.
             The game lasted 00:01:46 (192 turns).

psuckher the Grasshopper (Felid Warper)              Turns: 192, Time: 00:01:46

Health: 0/9        AC:  1    Str:  7    XL:     1   Next: 41%
Magic:  4/4        EV: 17    Int: 14    God:
Gold:   0          SH:  0    Dex: 15    Spells: 4/4 levels left
                                        Lives:  0   Deaths: 0

rFire   . . .      SeeInvis +     - Unarmed
rCold   . . .      Faith    .   (shield unavailable)
rNeg    . . .      Spirit   .   (armour unavailable)
rPois   .          Reflect  .   (helmet unavailable)
rElec   .          Harm     .   (cloak unavailable)
rCorr   .          Rampage  .   (gloves unavailable)
Will    .....                   (boots unavailable)
Stlth   +.........              (no amulet)
HPRegen 0.03/turn               (no ring)
MPRegen 0.09/turn               (no ring)

@: quick
A: very small, claws 1, fangs 3, see invisible, speed 1, shaggy fur 1, stealthy
paws, no weapons or thrown items, no armour, multi-lived
a: no special abilities


You were on level 1 of the Dungeon.
You visited 1 branch of the dungeon, and saw 1 of its levels.

Inventory:

Scrolls
 a - a scroll of blinking


   Skills:
 + Level 2.0 Fighting
 + Level 3.2 Dodging
 + Level 2.0 Unarmed Combat
 + Level 2.0 Spellcasting
 + Level 4.5 Translocations


You had 4 spell levels left.
You didn't know any spells.
Your spell library contained the following spells:

 Spells                   Type           Power      Damage    Failure   Level
 Blink                    Tloc           28%        N/A       5%          2
 Gell's Gravitas          Tloc           14%        N/A       11%         3
 Lesser Beckoning         Tloc           14%        N/A       11%         3
 Teleport Other           Tloc           14%        N/A       11%         3
 Manifold Assault         Tloc           14%        N/A       71%         5


Dungeon Overview and Level Annotations

Branches:
Dungeon (1/15)

Altars:


Innate Abilities, Weirdness & Mutations

You have sharp claws.
You have razor-sharp teeth.
You have supernaturally acute eyesight. (SInv)
You cover ground quickly. (Speed+)
You are covered in fur. (AC +1)
Your paws help you pounce on unaware monsters.
You are incapable of wielding weapons or throwing items.
You cannot wear armour.
You gain extra lives every three experience levels.


Message History

The goblin is moderately wounded.
The bat barely misses you. The goblin completely misses you.
You barely miss the goblin.
The goblin is moderately wounded.
The goblin barely misses you. The bat closely misses you.
You scratch the goblin but do no damage.
The goblin is moderately wounded.
The bat hits you but does no damage. The bat hits you.
* * * LOW HITPOINT WARNING * * *
The goblin completely misses you.
You scratch the goblin but do no damage.
You bite the goblin.
You kill the goblin!
The bat misses you. The bat closely misses you.
You see here a +0 club.
As you read the scroll labelled WICUOPPATY, it crumbles to dust.
It is a scroll of identify.
You don't have any unidentified items.
The bat hits you but does no damage. The bat closely misses you.
The bat closely misses you.
You scratch the bat.
You kill the bat!
You see here a bat corpse.
A rat comes into view.
A frilled lizard comes into view.
Found 18 gold pieces.
A frilled lizard comes into view.
A kobold comes into view. It is wielding a +0 dagger of speed.
The kobold shouts!
You see here a +0 robe.
The frilled lizard bites you.
* * * LOW HITPOINT WARNING * * *
There is an open door here.
The frilled lizard completely misses you.
The frilled lizard closely misses you. The frilled lizard closely misses you.
The kobold hits you with a +0 dagger of speed.
You die...

...###############
................>#
..........######.###########
..........# #...........#
..........# #...........#
#.......### #...........##
#.........## #...........'.
##..#'###lK###...........##
##..[.###@##..K##.........
#####..#.K##.##.#.##.########
......#.#.........##.#
.....#...#........##.#####
#######.#######...##K....#
##.......## #...######K#
##.........###.)..#####.#
##...........##..#...l.l.#
#.............#†.#..###......


You could see a kobold and a frilled lizard.

Vanquished Creatures
  A ball python (D:1)
  A bat (D:1)
  A goblin (D:1)
3 creatures vanquished.

Notes
Turn   | Place    | Note
-------+----------+-------------------------------------------
     0 | D:1      | psuckher the Felid Warper began the quest for the Orb.
     0 | D:1      | Reached XP level 1. HP: 9/9 MP: 4/4
   192 | D:1      | Slain by a kobold

Illustrated notes

Levels and vault maps discovered:
D:1:      psy_arrival_dodecagon, layout_basic

Action                   || total
-------------------------++-------
Melee: Unarmed           ||    17
       Bite              ||     2
  Use: Scroll            ||     1
Armor: Skin              ||     6
Dodge: Dodged            ||    38

Table legend: (Time is in decaauts)
 A = Elapsed time spent in this place.
 B = Non-inter-level travel time spent in this place.
 C = Inter-level travel time spent in this place.
 D = Time resting spent in this place.
 E = Time spent auto-exploring this place.
 F = Levels seen in this place.
 G = Mean time per level.
                   A        B        C        D        E       F      G
               +--------+--------+--------+--------+--------+-----+--------+
         Total |    157 |    156 |      1 |      0 |      0 |   1 |  157.0 |
       Dungeon |    157 |    156 |      1 |      0 |      0 |   1 |  157.0 |
               +--------+--------+--------+--------+--------+-----+--------+

Top non-repeatable levels by time:
     D:1: 157 daAuts
